 Dungeon Crawl Stone Soup version 0.29.0-5-ge4962eb29e (webtiles) character file.

Game seed: 15828089028099301628

2072 ImASeal the Cudgeller (level 9, -4/87 HPs)
             Began as a Troll Fighter on Aug 28, 2022.
             Was a Follower of the Shining One.
             Slain by a hornet (12 damage)
             ... while paralysed by a hornet
             ... on level 7 of the Dungeon.
             The game lasted 00:40:04 (6218 turns).

ImASeal the Cudgeller (Troll Fighter)               Turns: 6218, Time: 00:40:04

Health: -4/87      AC:  5    Str: 34    XL:     9   Next: 5%
Magic:  5/8        EV:  1    Int:  4    God:    the Shining One [*.....]
Gold:   377        SH:  0    Dex:  9    Spells: 8/8 levels left

rFire   . . .      SeeInvis .   a - +0 flail
rCold   . . .      Faith    .   c - +1 kite shield
rNeg    . . .      Spirit   .   t - +0 robe of the Turtle {rPois Will+ Str+4}
rPois   +          Reflect  .   (helmet restricted)
rElec   .          Harm     .   M - +0 cloak
rCorr   +          Rampage  .   (gloves unavailable)
Will    +....                   (boots unavailable)
Stlth   +.........              (no amulet)
HPRegen 1.04/turn               K - ring of resist corrosion
MPRegen 0.11/turn               (no ring)

@: paralysed, divinely shielded, glowing
A: large, unfitting armour, claws 3, regeneration 1, shaggy fur 1, tough skin 1
a: Renounce Religion, Divine Shield


You were on level 7 of the Dungeon.
You worshipped the Shining One.
The Shining One was aware of your devotion.
You visited 2 branches of the dungeon, and saw 8 of its levels.
You also visited: Sewer.

You collected 377 gold pieces.

Inventory:

Hand Weapons
 a - a +0 flail (weapon)
 n - a +0 sling of flaming
Missiles
 o - 4 silver javelins
 A - 44 poisoned darts (quivered)
 H - a throwing net
Armour
 b - a +0 robe
 c - a +1 kite shield (worn)
 t - the +0 robe of the Turtle (worn) {rPois Will+ Str+4}
   (You found it on level 2 of the Dungeon)

   Str:       It affects your strength (+4).
   rPois:     It protects you from poison.
   Will:      It increases your willpower.
 v - a +2 barding of stealth
 M - a +0 cloak (worn)
Jewellery
 K - a ring of resist corrosion (left claw)
Wands
 k - a wand of polymorph (9)
 N - a wand of roots (7)
 O - a wand of flame (22)
Scrolls
 f - a scroll of enchant armour
 h - a scroll of summoning
 l - a scroll of vulnerability {unknown}
 m - 3 scrolls of identify {unknown}
 p - 2 scrolls of blinking
 q - 2 scrolls of teleportation
 s - 2 scrolls of amnesia
 u - a scroll of brand weapon {unknown}
 w - a scroll of enchant weapon {unknown}
 x - a scroll of torment {unknown}
 y - 2 scrolls of fear {unknown}
 B - a scroll of noise {unknown}
 G - a scroll of immolation {unknown}
 L - a scroll of poison {unknown}
 P - a scroll of magic mapping {unknown}
Potions
 d - 5 potions of might
 e - 2 potions of brilliance {unknown}
 g - 2 potions of attraction {unknown}
 i - 2 potions of cancellation {unknown}
 j - 3 potions of lignification {unknown}
 r - a potion of degeneration {unknown}
 z - 6 potions of heal wounds
 C - a potion of experience {unknown}
 D - 3 potions of haste {unknown}
 E - 2 potions of invisibility {unknown}
 F - 2 potions of mutation {unknown}
 I - 3 potions of curing {unknown}
 J - a potion of berserk rage {unknown}


   Skills:
 + Level 4.9 Fighting
 + Level 6.9 Maces & Flails
 + Level 4.3 Throwing
 - Level 4.2 Dodging
 - Level 0.7 Stealth
 - Level 4.3 Shields
 + Level 0.8 Unarmed Combat


You had 8 spell levels left.
You didn't know any spells.
Your spell library contained the following spells:

 Spells                   Type           Power      Damage    Failure   Level
 Apportation              Tloc           0%         N/A       78%         1
 Necrotise                Necr           0%         1d4       78%         1
 Summon Small Mammal      Summ           0%         N/A       78%         1
 Call Canine Familiar     Summ           0%         N/A       98%         3
 Confusing Touch          Hex            0%         N/A       98%         3
 Summon Guardian Golem    Hex/Summ       0%         N/A       98%         3
 Yara's Violent Unravell  Hex/Tmut       0%         3d3       100%        5
 Enfeeble                 Hex            0%         N/A       100%        7


Dungeon Overview and Level Annotations

Branches:
Dungeon (7/15)             Temple (1/1) D:4           Sewer (visited)

Altars:
Ashenzari
Cheibriados
Dithmenos
Fedhas
Gozag
Hepliaklqana
Kikubaaqudgha
Makhleb
Nemelex Xobeh
Okawaru
Ru
Vehumet
Wu Jian
Xom
Yredelemnul
Zin
The Shining One

Shops:
D:6 (


Innate Abilities, Weirdness & Mutations

You are too large for most types of armour.
You have claws for hands.
Your natural rate of healing is unusually fast.
You are covered in fur. (AC +1)
You have tough skin. (AC +1)


Message History

The hound bites you.
The jelly quivers.
You hit the hornet.
The hornet is lightly wounded.
You feel sick. The hornet stings you! You block the hound's attack.
You block the hornet's attack. The hound misses you. The hornet stings you!
* * * LOW HITPOINT WARNING * * *
The hornet attacks as you move away! You block the hornet's attack.
The hound attacks as you move away! The hound bites you but does no damage.
You feel sick. The hound bites you but does no damage. The hornet stings you!
* * * LOW HITPOINT WARNING * * *
You fail to use your ability.
You feel yourself speed up.
You feel sick. The hound bites you.
* * * LOW HITPOINT WARNING * * *
The hornet stings you.
* * * LOW HITPOINT WARNING * * *
You feel yourself slow down. You block the hound's attack.
The hornet barely misses you. The hound closely misses you.
Your shield is strengthened by the Shining One's divine power.
You feel sick.
You are no longer poisoned.
The hornet stings you.
* * * LOW HITPOINT WARNING * * *
You block the hound's attack. You block the hornet's attack.
The hound bites you.
* * * LOW HITPOINT WARNING * * *
You block the hornet's attack.
You feel yourself speed up. The hound bites you but does no damage.
The hornet stings you but does no damage.
The jelly attacks as you move away! You block the jelly's attack.
The hound closely misses you. The hornet stings you.
* * * LOW HITPOINT WARNING * * *
You suddenly lose the ability to move!
The hound bites you.
* * * LOW HITPOINT WARNING * * *
The hornet stings you!
You die...

............#.............
............#......y....[.
............#......#
...#####)#####.(.###
...####.)...##...##
.............#....#
.............#..J.#
.............#..yh#
.............#..@.#
.....###+#####...##
.....##....###...###
......†....#.......#######.
#######....#...............
.....##....#...............
...........#...............
...........#...............
...........#...............


You could see a hornet, a hound and a jelly.

Vanquished Creatures
  Grinder (D:4)
  Sigmund (D:2)
  3 ogres (D:4)
  A bullfrog (D:7)
  3 kobold brigands
  2 necrophages
  2 scorpions (D:5)
  3 killer bees (D:7)
  4 orc priests
  5 hounds
  A jelly (D:5)
  A gnoll bouda (D:5)
  3 orc wizards
  5 iguanas
  5 gnolls (D:5)
  9 adders
  2 ufetubi (D:6)
  5 worms
  5 dart slugs
  12 orcs
  11 endoplasms
  5 giant cockroaches
  5 goblins
  11 hobgoblins
  9 jackals
  23 kobolds
  3 quokkas
  11 ball pythons
  8 bats
  3 frilled lizards
  8 rats
170 creatures vanquished.

Vanquished Creatures (others)
  A plant (Sewer)
1 creature vanquished.

Grand Total: 171 creatures vanquished

Notes
Turn   | Place    | Note
-------+----------+-------------------------------------------
     0 | D:1      | ImASeal the Troll Fighter began the quest for the Orb.
     0 | D:1      | Reached XP level 1. HP: 22/22 MP: 0/0
   171 | D:1      | Reached XP level 2. HP: 29/29 MP: 1/1
   196 | D:1      | Found a faded altar of an unknown god.
   498 | D:2      | Reached skill level 2 in Maces & Flails
   525 | D:2      | Reached XP level 3. HP: 36/36 MP: 2/2
   791 | D:2      | Found a sparkling altar of Nemelex Xobeh.
  1118 | D:2      | Noticed Sigmund
  1127 | D:2      | Reached XP level 4. HP: 38/44 MP: 3/3
  1148 | D:2      | Killed Sigmund
  1149 | D:2      | Reached skill level 3 in Maces & Flails
  1149 | D:2      | Reached XP level 5. HP: 38/53 MP: 4/4
  1183 | D:2      | Identified the +0 robe of the Turtle {rPois Will+ Str+4}
  1880 | D:4      | Noticed an ogre
  1886 | D:4      | Killed an ogre
  1887 | D:4      | Reached skill level 1 in Throwing
  1887 | D:4      | Reached XP level 6. HP: 61/61 MP: 5/5
  2031 | D:4      | Noticed Grinder
  2044 | D:4      | Killed Grinder
  2045 | D:4      | Reached skill level 4 in Maces & Flails
  2045 | D:4      | Reached XP level 7. HP: 25/67 MP: 6/6
  2308 | D:4      | Found a staircase to the Ecumenical Temple.
  2339 | Temple   | Entered the Ecumenical Temple
  2725 | Temple   | Became a worshipper of the Shining One
  3184 | D:5      | Entered Level 5 of the Dungeon
  3203 | D:5      | Found a glowing drain.
  3243 | Sewer    | Entered a sewer
  3391 | Sewer    | Reached skill level 5 in Maces & Flails
  3672 | D:5      | Reached XP level 8. HP: 46/78 MP: 7/7
  3905 | D:5      | Reached * piety under the Shining One
  4622 | D:5      | Found a snail-covered altar of Cheibriados.
  4666 | D:5      | Found a glowing silver altar of Zin.
  5278 | D:6      | Found Ixoxkin's Weapon Emporium.
  5329 | D:6      | Reached skill level 6 in Maces & Flails
  5419 | D:6      | Found a sparkling altar of Nemelex Xobeh.
  5724 | D:6      | Found a hazy altar of Hepliaklqana.
  5778 | D:7      | Found a burning altar of Makhleb.
  5819 | D:7      | Found an ornate altar of the Wu Jian Council.
  6048 | D:7      | Reached XP level 9. HP: 73/87 MP: 8/8
  6217 | D:7      | Paralysed by a hornet for 2 turns
  6218 | D:7      | Slain by a hornet

Illustrated notes

Levels and vault maps discovered:
D:1:      dpeg_arrival_snail, layout_rooms, basic_ecumenical_altar,
          serial_bayou_pond_d, chequers_serial_rivers_micro_d
D:2:      kennysheep_six_static_rooms, layout_loops_ring, basic_altar,
          minmay_split_cup_small, uniq_sigmund
D:3:      layout_basic
D:4:      layout_basic, minmay_temple_entry_stoned_glass,
          corexii_hall_statues_i, uniq_grinder
D:5:      layout_basic, slow_altar_2, kennysheep_mini, gup_sewer_entry_glass,
          small_statue_intersection, sigmund_army
D:6:      layout_loops_ring, mainiacjoe_overflow_boulevard,
          mainiacjoe_overflow_chevrons, serial_glass, glass_columns_a,
          glass_columns_c, serial_shops, shop
D:7:      layout_gridville, led_sif_pool, lemuel_tele_altar,
          makhleb_heckhound_becter
Temple:   bh_familiar_temple

Skill      XL: |  1  2  3  4  5  6  7  8 |
---------------+-------------------------+-----
Shields        | 3 4 |  4.3
Maces & Flails | 2 3 4 5 6 |  6.9
Fighting       | 3 4 |  4.9
Dodging        | 3 4 |  4.2
Throwing       | 1 2 4 |  4.3
Stealth        | |  0.7
Unarmed Combat | |  0.8

Action                   |  1- 3 |  4- 6 |  7- 9 || total
-------------------------+-------+-------+-------++-------
Melee: Flail             |   159 |    67 |   282 ||   508
       Unarmed           |       |     7 |       ||     7
Throw: Stone             |     2 |       |       ||     2
       Dart              |     5 |    20 |    65 ||    90
       Javelin           |       |     7 |     4 ||    11
Invok: Divine Shield     |       |       |     1 ||     1
  Use: Scroll            |       |       |     5 ||     5
       Potion            |       |       |     1 ||     1
 Stab: Sleeping          |       |     1 |       ||     1
Armor: Robe              |    83 |    22 |    79 ||   184
Dodge: Dodged            |    73 |    21 |   132 ||   226
Block: Kite shield       |    68 |    21 |   152 ||   241
